 Dungeon Crawl Stone Soup version 0.28.0-43-g3370ac3207 (webtiles) character file.

Game seed: 2081209992962626803

89 sking99 the Chopper (level 4, -1/41 HPs)
             Began as a Hill Orc Monk on Mar 25, 2022.
             Slain by a hound (2 damage)
             ... on level 3 of the Dungeon.
             The game lasted 00:03:18 (3128 turns).

sking99 the Chopper (Hill Orc Monk)                 Turns: 3128, Time: 00:03:18

Health: -1/41      AC:  5    Str: 15    XL:     4   Next: 55%
Magic:  4/4        EV: 11    Int: 10    God:
Gold:   123        SH:  0    Dex: 13    Spells: 3/3 levels left

rFire   . . .      SeeInvis .   a - +0 hand axe
rCold   . . .      Faith    .   (no shield)
rNeg    . . .      Spirit   .   m - +0 ring mail
rPois   .          Reflect  .   (no helmet)
rElec   .          Harm     .   (no cloak)
rCorr   .          Rampage  .   (no gloves)
Will    .....                   (no boots)
Stlth   +.........              d - amulet of magic regeneration
HPRegen 0.13/turn               (no ring)
MPRegen 0.49/turn               (no ring)

@: brilliant
A: no striking features
a: no special abilities


You were on level 3 of the Dungeon.
You visited 1 branch of the dungeon, and saw 3 of its levels.

You collected 123 gold pieces.

Inventory:

Hand Weapons
 a - a +0 hand axe (weapon)
Armour
 m - a +0 ring mail (worn)
Jewellery
 d - an amulet of magic regeneration (around neck)
 g - a ring of wizardry
Scrolls
 b - 2 scrolls of identify {unknown}
 e - 2 scrolls of vulnerability {unknown}
 i - a scroll of amnesia {unknown}
 j - a scroll of immolation {unknown}
Potions
 c - a potion of berserk rage {unknown}
 f - a potion of brilliance
 h - a potion of flight {unknown}
 k - a potion of attraction {unknown}
 l - a potion of cancellation {unknown}


   Skills:
 + Level 4.5 Fighting
 * Level 6.1 Axes
 - Level 2.4 Dodging
 - Level 1.5 Stealth


You had 3 spell levels left.
You didn't know any spells.
Your spell library contained the following spells:

 Spells                   Type           Power      Damage    Failure   Level
 Dazzling Flash           Conj/Hex       0%         N/A       92%         3
 Animate Armour           Summ/Erth      0%         N/A       100%        4
 Iskenderun's Mystic Bla  Conj/Tloc      0%         2d3       100%        4
 Blade Hands              Tmut           0%         N/A       100%        5
 Iron Shot                Conj/Erth      0%         9d1       100%        6
 Starburst                Conj/Fire      0%         6d3       100%        6


Dungeon Overview and Level Annotations

Branches:
Dungeon (3/15)

Altars:


Message History

You hit the hound.
The hound is severely wounded.
The hound bites you.
You barely miss the hound.
The hound is severely wounded.
The hound bites you but does no damage. x2
You closely miss the hound.
The hound is severely wounded.
The hound bites you.
You hit the hound but do no damage.
The hound is severely wounded.
The hound bites you.
* * * LOW HITPOINT WARNING * * *
The hound bites you but does no damage.
You barely miss the hound.
The hound is severely wounded.
The hound barely misses you.
You barely miss the hound.
The hound is severely wounded.
The hound bites you.
* * * LOW HITPOINT WARNING * * *
The hound bites you.
* * * LOW HITPOINT WARNING * * *
You hit the hound but do no damage.
The hound is severely wounded.
The hound barely misses you.
You closely miss the hound.
The hound is severely wounded.
The hound closely misses you. The hound bites you but does no damage.
You barely miss the hound.
The hound is severely wounded.
The hound bites you.
* * * LOW HITPOINT WARNING * * *
It was a potion of brilliance.
You feel clever all of a sudden. The hound closely misses you.
The hound misses you.
You miss the hound.
The hound is severely wounded.
The hound bites you.
You die...

.........# ##.#......
...# # .#.#.###># #..#
.# #....###.# #..####.##
##.......# #.........
###.###.# #....... ##.#
#.!...## #..# #.h....##
#..# #.@.....# #..#
#.......# #..# #.......#
#..#####.####......##
#.................####.#
#.######.#####.>.......#
#.# #.........####. #.#
#########.# #.# #.#


You could see a hound.

Vanquished Creatures
  2 adders (D:2)
  3 dart slugs
  4 ball pythons
  6 bats
  5 endoplasms
  5 giant cockroaches
  6 goblins
  3 hobgoblins
  2 jackals (D:2)
  11 kobolds
  3 quokkas (D:2)
  5 frilled lizards
  2 rats
57 creatures vanquished.

Notes
Turn   | Place    | Note
-------+----------+-------------------------------------------
     0 | D:1      | sking99 the Hill Orc Monk began the quest for the Orb.
     0 | D:1      | Reached XP level 1. HP: 19/19 MP: 1/1
   139 | D:1      | Reached XP level 2. HP: 24/27 MP: 2/2
   530 | D:1      | Reached skill level 5 in Axes
   600 | D:1      | Reached XP level 3. HP: 33/33 MP: 3/3
  1630 | D:2      | Reached XP level 4. HP: 28/41 MP: 4/4
  2173 | D:2      | Reached skill level 6 in Axes
  2662 | D:3      | Found a faded altar of an unknown god.
  2663 | D:3      | Noticed a shining eye
  2666 | D:3      | Noticed a floating eye
  2666 | D:3      | Noticed a great orb of eyes
  2666 | D:3      | Noticed a floating eye
  3126 | D:3      | HP: 1/41 [hound (5)]
  3128 | D:3      | Slain by a hound

Illustrated notes

Levels and vault maps discovered:
D:1:      roderic_crossed_star, layout_loops_ring
D:2:      layout_basic
D:3:      layout_loops_ring, lemuel_round_altar,
          hellmonk_ecumenical_altar_watching_god, amethyst_killhole

Skill      XL: |  1  2  3  4 |
---------------+-------------+-----
Fighting       | 4 |  4.5
Axes           | 5 6 |  6.1
Dodging        | |  2.4
Stealth        | |  1.5

Action                   |  1- 3 |  4- 6 || total
-------------------------+-------+-------++-------
Melee: Hand axe          |   118 |    73 ||   191
       Punch             |     1 |       ||     1
  Use: Potion            |       |     1 ||     1
 Stab: Sleeping          |     2 |       ||     2
Armor: Robe              |     3 |       ||     3
       Leather armour    |    35 |     9 ||    44
       Ring mail         |       |    12 ||    12
Dodge: Dodged            |    89 |    35 ||   124
